 Dungeon Crawl Stone Soup version 0.31-a0-1589-g8f5e8aebd6 (webtiles) character file.

Game seed: 5422666242084846155

38280 pokeman the Eclecticist (level 13, -9/72 HPs)
             Began as a Deep Elf Hedge Wizard on Jan 5, 2024.
             Was a High Priest of Vehumet.
             Mangled by a demonic crawler (13 damage)
             ... on level 13 of the Dungeon on Jan 6, 2024.
             The game lasted 00:49:24 (17111 turns).

pokeman the Eclecticist (Deep Elf Hedge Wizard)    Turns: 17111, Time: 00:49:24

Health: -9/72      AC:  5    Str: 13    XL:     13   Next: 63%
Magic:  18/38      EV: 18    Int: 25    God:    Vehumet [*****.]
Gold:   2262       SH:  0    Dex: 14    Spells: 11/50 levels left

rFire   + . .        O - +8 frozen axe "Frostbite" {freeze, freezing cloud, *Noise Fly rC+}
rCold   + + .        (shield currently unavailable)
rNeg    . . .        t - +1 robe {rC+ rF+}
rPois   .            W - +0 helmet
rElec   .            (no cloak)
rCorr   .            M - +0 pair of gloves
SInv    .            (no boots)
Will    +....        X - amulet of magic regeneration
Stlth   ++           h - +5 ring of evasion
HPRegen 0.32/turn    H - +6 ring of strength
MPRegen 0.66/turn

%: no passive effects
@: on blink cooldown, flying, very slightly contaminated
A: no striking features
a: Renounce Religion


You were on level 13 of the Dungeon.
You worshipped Vehumet.
Vehumet was extremely pleased with you.
You visited 2 branches of the dungeon, and saw 14 of its levels.
You also visited: Sewer, Ossuary and Bailey.

You collected 2379 gold pieces.
You spent 117 gold pieces at shops.

Inventory:

Hand Weapons
 O - the +8 frozen axe "Frostbite" (weapon) {freeze, freezing cloud, *Noise Fly rC+}
   (You found it on level 7 of the Dungeon)

   rC+:       It protects you from cold.
   Fly:       It grants you flight.
   *Noise:    It may make a loud noise when swung.
Missiles
 w - a curare-tipped dart
 D - 14 throwing nets
Armour
 t - a +1 robe of resistance (worn)
 A - a +1 buckler of resistance
 M - a +0 pair of gloves (worn)
 R - an orb of light
 W - a +0 helmet (worn)
Magical Staves
 v - a staff of cold
Jewellery
 b - an amulet of guardian spirit
 h - a +5 ring of evasion (left hand)
 C - an amulet of reflection
 H - a +6 ring of strength (right hand)
 X - an amulet of magic regeneration (around neck)
Wands
 N - a wand of charming (13)
 Q - a wand of mindburst (13)
Scrolls
 f - 2 scrolls of enchant weapon
 g - a scroll of vulnerability {unknown}
 n - 7 scrolls of teleportation
 y - 5 scrolls of blinking
 F - 3 scrolls of revelation
 G - a scroll of silence
 L - 2 scrolls of brand weapon {unknown}
 T - a scroll of butterflies {unknown}
Potions
 a - 6 potions of heal wounds
 d - 2 potions of magic
 e - a potion of enlightenment
 p - 7 potions of curing
 s - 2 potions of haste
 I - a potion of attraction {unknown}
 J - a potion of invisibility {unknown}
 K - a potion of might {unknown}
 S - a potion of resistance {unknown}
Miscellaneous
 c - a lightning rod (4/4)
 U - a sack of spiders (inert)


   Skills:
 + Level 4.9 Fighting
 - Level 5.0 Armour
 - Level 3.0 Dodging
 - Level 3.0 Stealth
 - Level 5.0 Shields
 * Level 19.4 Spellcasting
 + Level 11.7 Conjurations
 - Level 1.1 Summonings
 - Level 1.1 Translocations
 + Level 11.4 Fire Magic
 - Level 1.1 Ice Magic
 - Level 1.1 Air Magic
 - Level 1.0 Earth Magic
 - Level 1.1 Alchemy
 - Level 1.0 Evocations


You had 11 spell levels left.
You knew the following spells:

 Your Spells              Type           Power      Damage    Failure   Level
a - Magic Dart            Conj           100%       1d8       0%          1
b - Mephitic Cloud        Conj/Alch/Air  47%        N/A       1%          3
c - Call Imp              Summ           58%        N/A       1%          2
d - Blink                 Tloc           58%        N/A       1%          2
e - Fireball              Conj/Fire      35%        3d15      1%          5
f - Irradiate             Conj/Alch      27%        3d20      1%          5
g - Freezing Cloud        Conj/Ice/Air   23%        6-21      2%          5
h - Orb of Destruction    Conj           35%        9d10      3%          7
i - Ignite Poison         Fire/Alch      54%        N/A       1%          4
j - Lee's Rapid Deconstr  Erth           14%        3d9*      10%         5

Your spell library contained the following spells:

 Spells                   Type           Power      Damage    Failure   Level
 Plasma Beam              Fire/Air       26%        2x1d39    6%          6
 Searing Ray              Conj           100%       2d8       0%          2
 Slow                     Hex            96%        N/A       1%          1
 Cigotuvi's Dreadful Rot  Necr/Alch/Air  56%        N/A       1%          2
 Lesser Beckoning         Tloc           58%        N/A       1%          2
 Dazzling Flash           Conj/Hex       100%       N/A       1%          3
 Hailstorm                Conj/Ice       54%        3d11      1%          3
 Inner Flame              Hex/Fire       52%        N/A       1%          3
 Fulminant Prism          Conj/Alch      27%        3d13      1%          4
 Summon Blazeheart Golem  Fire/Summ      53%        N/A       1%          4
 Gell's Gravitas          Tloc           29%        N/A       3%          3
 Summon Ice Beast         Ice/Summ       30%        N/A       3%          3
 Teleport Other           Tloc           29%        N/A       3%          3
 Tukima's Dance           Hex            24%        N/A       5%          3
 Yara's Violent Unravell  Hex/Alch       13%        3d7       11%         5
 Animate Armour           Summ/Erth      58%        N/A       12%         4
 Passage of Golubria      Tloc           29%        N/A       12%         4
 Summon Lightning Spire   Summ/Air       29%        N/A       12%         4
 Spellforged Servitor     Conj/Summ      27%        N/A       28%         7
 Ignition                 Fire           34%        3d11      28%         8
 Silence                  Hex/Air        13%        N/A       38%         5
 Curse of Agony           Necr           24%        N/A       45%         5
 Sculpt Simulacrum        Ice/Alch       15%        N/A       87%         6


Dungeon Overview and Level Annotations

Branches:
Dungeon (13/15)            Temple (1/1) D:6            Lair (0/5) D:8
    Orc (0/2) D:10          Sewer (visited)         Ossuary (visited)
 Bailey (visited)
 Vaults: D:13-14

Altars:
Ashenzari
Cheibriados
Dithmenos
Elyvilon
Fedhas
Gozag
Hepliaklqana
Kikubaaqudgha
Makhleb
Nemelex Xobeh
Okawaru
Qazlal
Ru
Sif Muna
Trog
Uskayaw
Vehumet
Wu Jian
Xom
Yredelemnul
Zin
The Shining One

Shops:
D:6 ?   D:8 =


Message History

Press: ? - help, Shift-Dir - straight line, p - demonic crawler The fireball explodes!
The fireball engulfs the demonic crawler!
The demonic crawler is severely wounded.
The fireball engulfs the howler monkey!!
You kill the howler monkey!
Vehumet accepts your kill.
You feel your power returning.
The demonic crawler completely misses you.
The demonic crawler hits you. The demonic crawler misses you.
The demonic crawler hits you but does no damage.
The demonic crawler hits you! The demonic crawler misses you.
Unknown command.
Casting: Fireball (safe; 1% risk of failure)
Confirm with . or Enter, or press ? or * to list all spells.
You are still too unstable to blink.
Found a book of Spontaneous Combustion.
You feel ready to blink again. The demonic crawler hits you!
The demonic crawler hits you. The demonic crawler closely misses you.
Casting: Blink (safe; 1% risk of failure)
Confirm with . or Enter, or press ? or * to list all spells.
You blink.
You reach into the sack... ...and things crawl out!
The sack is emptied!
Unknown command.
Press: ? - help, v - describe, . - travel, g - get item
Items here: a ring of willpower; a +0 orcbow; a centaur corpse.
A web.
Unknown command.
Unknown command.
Unknown command.
Aiming: Mindburst
Press: ? - help, Shift-Dir - straight line, f - demonic crawler
Aim: a demonic crawler (lightly wounded, ally target, chance to affect: 34%)
The demonic crawler's mind is blasted!!
The demonic crawler hits you!
* * * LOW HITPOINT WARNING * * *
The demonic crawler hits you!
* * * LOW HITPOINT WARNING * * *
The demonic crawler hits you!
You die...

................
#.................
#..................
##..................
....................
....................$.>
.......s.§..............
#......................
#.....@s^............†.
#......s...............
#............†.........
#......................
#........$...†.........
#..............÷.......
#...##########.########
#... #.###### #......#


You could see a demonic crawler (ally target), a friendly redback (summoned) and
a friendly scorpion (summoned).

Vanquished Creatures
  A fire dragon (D:11)
  Harold (D:11)
  2 hydras (D:11)
  A centaur warrior (D:13)
  9 boulder beetles
  A tengu warrior (D:11)
  6 two-headed ogres
  A demonic crawler (D:13)
  Amaemon (D:8)
  A deep elf zephyrmancer (D:11)
  A deep elf pyromancer (D:11)
  An orc knight (D:11)
  7 cyclopes
  5 ugly things
  4 manticores
  An orange demon (D:8)
  2 unseen horrors
  An efreet (D:11)
  4 kobold demonologists
  A komodo dragon (D:11)
  2 ice devils (D:7)
  3 freezing wraiths (D:7)
  5 trolls
  6 slime creatures
  A vampire (D:11)
  A shadow (D:12)
  3 wraiths
  A wyvern (D:11)
  A basilisk (D:12)
  3 steam dragons
  18 yaks
  10 vampire mosquitoes (D:11)
  Menkaure (D:5)
  Edmund (D:5)
  An acid dragon (D:13)
  3 water moccasins
  A black bear (D:5)
  2 laughing skulls (D:13)
  An orc warrior (D:9)
  6 sky beasts (D:7)
  2 ice beasts
  4 wolves (Bailey)
  5 centaurs
  2 phantoms
  Blork the orc (D:6)
  3 kobold brigands
  An elf zombie (D:7)
  4 bullfrogs
  9 gnoll sergeants
  5 scorpions
  An elf skeleton (D:7)
  2 burial acolytes (Ossuary)
  12 killer bees
  11 howler monkeys
  5 hounds
  2 bombardier beetles
  8 gnoll boudas
  A human zombie (D:7)
  4 orc priests
  A human skeleton (D:7)
  A sleepcap (D:6)
  Jessica (D:2)
  4 iguanas
  8 orc wizards
  3 mummies (Ossuary)
  24 gnolls
  6 adders
  3 river rats
  7 white imps
  4 ufetubi (D:6)
  2 dart slugs
  5 ribbon worms
  31 orcs
  2 ball pythons
  5 bats
  2 endoplasms
  7 giant cockroaches
  A gnoll zombie (Ossuary)
  5 goblins
  6 hobgoblins
  8 jackals
  17 kobolds
  5 quokkas
  5 frilled lizards
  5 kobold zombies (Ossuary)
  2 orc skeletons (D:7)
  2 orc zombies (Ossuary)
  10 rats
385 creatures vanquished.

Vanquished Creatures (collateral kills)
  An orc wizard (D:11)
  A dart slug (D:3)
  2 orcs (D:11)
4 creatures vanquished.

Vanquished Creatures (others)
  An acid dragon (D:11)
1 creature vanquished.

Grand Total: 390 creatures vanquished

Notes
Turn   | Place    | Note
-------+----------+-------------------------------------------
     0 | D:1      | pokeman the Deep Elf Hedge Wizard began the quest for the
                  | Orb.
     0 | D:1      | Reached XP level 1. HP: 10/10 MP: 7/7
   201 | D:1      | Found a faded altar of an unknown god.
   390 | D:1      | Reached XP level 2. HP: 15/15 MP: 6/9
   973 | D:1      | Reached skill level 5 in Spellcasting
  1557 | D:2      | Reached XP level 3. HP: 14/20 MP: 3/11
  1561 | D:2      | Learned a level 3 spell: Mephitic Cloud
  1564 | D:2      | Learned a level 2 spell: Call Imp
  1567 | D:2      | Learned a level 2 spell: Blink
  1633 | D:2      | Noticed Jessica
  1637 | D:2      | Killed Jessica
  1638 | D:2      | Reached skill level 1 in Fighting
  1638 | D:2      | Reached skill level 1 in Armour
  1972 | D:3      | Found a blossoming altar of Fedhas.
  1987 | D:3      | Reached XP level 4. HP: 25/25 MP: 9/13
  2157 | D:3      | Learned a level 4 spell: Ignite Poison
  2375 | D:3      | Reached skill level 6 in Spellcasting
  2375 | D:3      | Reached XP level 5. HP: 28/29 MP: 11/15
  3219 | D:4      | Found a glowing drain.
  3228 | Sewer    | Entered a sewer
  3450 | Sewer    | Reached skill level 1 in Evocations
  3450 | Sewer    | Reached XP level 6. HP: 34/34 MP: 6/17
  3495 | Sewer    | Reached skill level 1 in Fire Magic
  3495 | Sewer    | Reached skill level 1 in Ice Magic
  3495 | Sewer    | Reached skill level 1 in Air Magic
  3495 | Sewer    | Reached skill level 1 in Alchemy
  3503 | Sewer    | Learned a level 5 spell: Irradiate
  3558 | Sewer    | Found a white marble altar of Elyvilon.
  3784 | D:4      | Reached skill level 7 in Spellcasting
  3791 | D:4      | Reached XP level 7. HP: 26/38 MP: 10/19
  3963 | D:4      | Identified the ring "Itaoll" {rPois rN+ Int-5 Dex+3}
  4395 | D:5      | Entered Level 5 of the Dungeon
  4478 | D:5      | Reached skill level 8 in Spellcasting
  4543 | D:5      | Noticed Edmund
  4565 | D:5      | Killed Edmund
  4709 | D:5      | Reached XP level 8. HP: 37/44 MP: 18/22
  4899 | D:5      | Learned a level 5 spell: Freezing Cloud
  4936 | D:5      | Reached skill level 9 in Spellcasting
  5027 | D:5      | Noticed Menkaure
  5037 | D:5      | Killed Menkaure
  5283 | D:5      | Reached skill level 1 in Shields
  5329 | D:5      | Reached skill level 5 in Conjurations
  5734 | D:6      | Reached skill level 10 in Spellcasting
  5931 | D:6      | Found a staircase to the Ecumenical Temple.
  5936 | Temple   | Entered the Ecumenical Temple
  6006 | Temple   | Became a worshipper of Vehumet
  6204 | D:6      | Reached XP level 9. HP: 45/48 MP: 25/25
  6317 | D:6      | Noticed Blork the orc
  6332 | D:6      | Killed Blork the orc
  6376 | D:6      | Found a shadowy altar of Dithmenos.
  6448 | D:6      | Found Locaaw's Magic Scroll Emporium.
  6456 | D:6      | Bought 3 scrolls of identify for 78 gold pieces
  6456 | D:6      | Bought a scroll of teleportation for 39 gold pieces
  6650 | D:6      | Reached skill level 5 in Fire Magic
  6828 | D:6      | Reached * piety under Vehumet
  6828 | D:6      | Offered knowledge of Sandblast by Vehumet.
  7374 | D:7      | Reached skill level 11 in Spellcasting
  7504 | D:7      | Noticed an ice devil
  7526 | D:7      | Killed an ice devil
  7527 | D:7      | Reached skill level 12 in Spellcasting
  7623 | D:7      | Found a sand-covered staircase.
  7658 | Ossuary  | Entered an ossuary
  7968 | Ossuary  | Reached ** piety under Vehumet
  7969 | Ossuary  | Offered knowledge of Mercury Vapours by Vehumet.
  8136 | D:7      | Found a shimmering blue altar of Sif Muna.
  8382 | D:7      | Reached XP level 10. HP: 53/53 MP: 19/28
  8710 | D:7      | Reached skill level 13 in Spellcasting
  8950 | D:7      | Found the +8 frozen axe "Frostbite" {freeze, freezing
                  | cloud, *Noise Fly rC+}
  9063 | D:8      | Found Veacviox's Jewellery Shop.
  9152 | D:8      | Offered knowledge of Frozen Ramparts by Vehumet.
  9155 | D:8      | Noticed a two-headed ogre
  9163 | D:8      | Killed a two-headed ogre
  9324 | D:8      | Found a staircase to the Lair.
  9440 | D:8      | Reached *** piety under Vehumet
  9447 | D:8      | Noticed an orange demon
  9450 | D:8      | Noticed Amaemon
  9451 | D:8      | Killed an orange demon
  9456 | D:8      | Killed Amaemon
  9457 | D:8      | Reached skill level 14 in Spellcasting
  9734 | D:8      | Reached skill level 5 in Shields
 10255 | D:8      | Learned a level 7 spell: Orb of Destruction
 10578 | D:9      | Found a flagged portal.
 10595 | Bailey   | Entered a bailey
 10601 | Bailey   | Reached XP level 11. HP: 39/57 MP: 29/31
 10612 | Bailey   | Offered knowledge of Sticky Flame by Vehumet.
 10884 | Bailey   | Reached **** piety under Vehumet
 11225 | D:9      | Offered knowledge of Fireball by Vehumet.
 11239 | D:9      | Learned a level 5 spell: Fireball
 11851 | D:10     | Entered Level 10 of the Dungeon
 12102 | D:10     | Reached skill level 15 in Spellcasting
 12276 | D:10     | Learned a level 5 spell: Lee's Rapid Deconstruction
 12322 | D:10     | Noticed a two-headed ogre
 12326 | D:10     | Killed a two-headed ogre
 12327 | D:10     | Reached skill level 1 in Earth Magic
 12673 | D:10     | Found a staircase to the Orcish Mines.
 12705 | D:10     | Found an ancient bone altar of Kikubaaqudgha.
 12736 | D:10     | Found a hide-covered altar of Uskayaw.
 12828 | D:11     | Noticed Harold
 12836 | D:11     | Killed Harold
 13009 | D:11     | Identified the +9 dagger of the Present {freeze, +Blink
                  | Dex+3}
 13225 | D:11     | Noticed an orc knight
 13227 | D:11     | Noticed an eight-headed hydra
 13245 | D:11     | Noticed a two-headed ogre
 13248 | D:11     | Killed a two-headed ogre
 13249 | D:11     | Reached skill level 16 in Spellcasting
 13251 | D:11     | Killed an orc knight
 13251 | D:11     | Noticed a seven-headed hydra
 13412 | D:11     | Noticed a boulder beetle
 13414 | D:11     | Noticed a deep elf zephyrmancer
 13415 | D:11     | Noticed a cyan ugly thing
 13417 | D:11     | Noticed a boulder beetle
 13420 | D:11     | Killed a cyan ugly thing
 13421 | D:11     | Reached XP level 12. HP: 56/64 MP: 8/34
 13754 | D:11     | Noticed a two-headed ogre
 13758 | D:11     | Killed a two-headed ogre
 13843 | D:11     | Reached skill level 10 in Conjurations
 13888 | D:11     | Reached ***** piety under Vehumet
 13980 | D:11     | Found a broken altar of Ashenzari.
 14023 | D:11     | Offered knowledge of Plasma Beam by Vehumet.
 14107 | D:11     | Reached skill level 17 in Spellcasting
 14109 | D:11     | Killed an eight-headed hydra
 14111 | D:11     | Identified the +0 robe of the Crypt {Int+2}
 14115 | D:11     | Noticed a boulder beetle
 14173 | D:11     | Killed a boulder beetle
 14321 | D:11     | Reached skill level 10 in Fire Magic
 14367 | D:11     | Noticed a boulder beetle
 14386 | D:11     | Killed a boulder beetle
 14387 | D:11     | Noticed a fire dragon
 14409 | D:11     | Killed a fire dragon
 14704 | D:11     | Noticed a tengu warrior
 14713 | D:11     | Killed a tengu warrior
 14765 | D:11     | Killed a boulder beetle
 14931 | D:11     | Killed a boulder beetle
 14932 | D:11     | Reached skill level 18 in Spellcasting
 15188 | D:11     | Noticed a two-headed ogre
 15204 | D:11     | Killed a two-headed ogre
 15393 | D:11     | Noticed a two-headed ogre
 15396 | D:11     | Killed a two-headed ogre
 15397 | D:11     | Reached XP level 13. HP: 70/70 MP: 21/37
 16314 | D:12     | Reached skill level 5 in Armour
 16640 | D:12     | Reached skill level 19 in Spellcasting
 17111 | D:13     | Mangled by a demonic crawler

Illustrated notes

Levels and vault maps discovered:
D:1:      pf_arrival_petrified_forest, layout_basic,
          ebering_ecumenical_altar_mist
D:2:      layout_basic, uniq_jessica
D:3:      layout_loops_ring, mainiacjoe_overflow_boulevard,
          amcnicky_mini_pool_small
D:4:      layout_basic, gup_sewer_entry_spiral
D:5:      layout_loops_cross, uniq_menkaure, uniq_edmund
D:6:      layout_basic, general_overflow_altar, minmay_temple_entry_grid,
          serial_shops, shop, uniq_blork_the_orc
D:7:      layout_cave_pools, led_sif_pool, nicolae_ossuary_entry_catacombs,
          hellmonk_guarded_unrand_frostbite
D:8:      layout_basic, dpeg_oklobed_lair, serial_shops, nicolae_stop_n_shop_2,
          minmay_tree_intersection, uniq_amaemon
D:9:      layout_basic, enter_bailey_2
D:10:     layout_roguey, mainiacjoe_overflow_two_lobes, orc_0_dummy
D:11:     minmay_the_grid_square_5x5_5x5 [minmay_the_grid_square_5x5_inner_z,
          minmay_the_grid_square_5x5_three_small,
          minmay_the_grid_square_5x5_minibox, minmay_the_grid_square_5x5_v,
          minmay_the_grid_square_5x5_two_walls_b,
          minmay_the_grid_square_5x5_longway,
          minmay_the_grid_square_5x5_prize_gold,
          minmay_the_grid_square_5x5_inverted_slash,
          minmay_the_grid_square_5x5_prize_itemx,
          minmay_the_grid_square_5x5_tri_point,
          minmay_the_grid_square_5x5_shuriken,
          minmay_the_grid_square_5x5_bridge,
          minmay_the_grid_square_5x5_prize_open, minmay_the_grid_square_5x5_z,
          minmay_the_grid_square_5x5_comb,
          minmay_the_grid_square_5x5_beaten_path,
          minmay_the_grid_square_5x5_prize_monsterx,
          minmay_the_grid_square_5x5_broken_cross,
          minmay_the_grid_square_5x5_prize_open,
          minmay_the_grid_square_5x5_empty,
          minmay_the_grid_square_5x5_almost_minimal,
          minmay_the_grid_square_5x5_tetrominoes,
          minmay_the_grid_square_5x5_forky,
          minmay_the_grid_square_5x5_spiral_small,
          minmay_the_grid_square_5x5_half_checkered], layout_stronghold,
          ashenzari_conservatory_becter, uniq_harold
D:12:     layout_rooms, kennysheep_generic_room_14
D:13:     cheibrodos_hippocracy, layout_basic
Temple:   minmay_temple_bridge_d

Skill      XL: |  1  2  3  4  5  6  7  8  9 10 11 12 13 |
---------------+----------------------------------------+-----
Spellcasting   | 5 6 7 8 10 12 14 16 18 19 | 19.4
Fighting       | 1 2 3 4 |  4.9
Armour         | 1 2 3 4 5 |  5.0
Conjurations   | 2 3 4 5 7 8 9 11 | 11.7
Stealth        | 3 |  3.0
Dodging        | 3 |  3.0
Evocations     | 1 |  1.0
Fire Magic     | 2 3 4 6 7 9 10 11 | 11.4
Ice Magic      | 1 |  1.1
Air Magic      | 1 |  1.1
Alchemy        | 1 |  1.1
Shields        | 2 3 5 |  5.0
Earth Magic    | 1 |  1.0
Summonings     | |  1.1
Translocations | |  1.1

Action                     |  1- 3 |  4- 6 |  7- 9 | 10-12 | 13-15 || total
---------------------------+-------+-------+-------+-------+-------++-------
  Melee: Dagger            |     8 |   127 |   143 |     2 |       ||   280
         Punch             |       |       |     2 |       |       ||     2
         Executioner's axe |       |       |       |    85 |    14 ||    99
   Cast: Magic Dart        |    90 |    61 |   141 |    43 |       ||   335
         Mephitic Cloud    |       |     9 |    42 |    47 |     5 ||   103
         Call Imp          |       |     1 |     1 |     3 |     1 ||     6
         Blink             |       |     1 |       |     5 |     3 ||     9
         Ignite Poison     |       |       |    24 |     6 |       ||    30
         Freezing Cloud    |       |       |       |    34 |    11 ||    45
         Irradiate         |       |       |       |    10 |     3 ||    13
         Fireball          |       |       |       |    91 |    61 ||   152
         Orb of Destructio |       |       |       |       |     2 ||     2
  Evoke: Wand              |       |       |       |     6 |     6 ||    12
         Sack of spiders   |       |       |       |       |     1 ||     1
    Use: Potion            |       |       |     1 |       |       ||     1
         Scroll            |       |       |       |     1 |    12 ||    13
   Stab: Confused          |       |     6 |     8 |     7 |     2 ||    23
         Distracted        |       |       |     1 |       |       ||     1
 Armour: Robe              |     6 |    33 |    55 |    71 |    21 ||   186
  Dodge: Dodged            |    11 |    90 |   118 |    95 |    15 ||   329
  Block: Other             |       |       |    26 |    19 |       ||    45
         Reflection        |       |       |     3 |     3 |       ||     6

Table legend: (Time is in decaauts)
 A = Elapsed time spent in this place.
 B = Non-inter-level travel time spent in this place.
 C = Inter-level travel time spent in this place.
 D = Time resting spent in this place.
 E = Time spent auto-exploring this place.
 F = Levels seen in this place.
 G = Mean time per level.
                   A        B        C        D        E       F      G
               +--------+--------+--------+--------+--------+-----+--------+
         Total |  17276 |  16616 |    660 |   1421 |  11877 |  17 | 1016.2 |
       Dungeon |  15734 |  15214 |    520 |   1211 |  11131 |  13 | 1210.3 |
        Temple |    180 |     40 |    140 |      0 |      0 |   1 |  180.0 |
         Sewer |    401 |    401 |      0 |     12 |    279 |   1 |  401.0 |
       Ossuary |    440 |    440 |      0 |    169 |    214 |   1 |  440.0 |
        Bailey |    519 |    519 |      0 |     29 |    252 |   1 |  519.0 |
               +--------+--------+--------+--------+--------+-----+--------+

Top non-repeatable levels by time:
    D:11: 3309 daAuts
     D:6: 1628 daAuts
     D:8: 1337 daAuts
     D:5: 1330 daAuts
     D:7: 1187 daAuts
     D:4: 1167 daAuts
     D:1: 1111 daAuts
     D:9: 1038 daAuts
    D:10: 1001 daAuts
     D:3: 944 daAuts
     D:2: 838 daAuts
    D:12: 594 daAuts
  Bailey: 519 daAuts
 Ossuary: 440 daAuts
   Sewer: 401 daAuts
